 Dungeon Crawl Stone Soup version 0.17-a0-1711-gc5340a3 (webtiles) character file.

207 Cryptzilla the Conjurer (level 5, -1/45 HPs)
             Began as a Draconian Conjurer on Aug 22, 2015.
             Was an Initiate of Ru.
             Slain by an orc wizard
             ... wielding a +0 dagger
              (3 damage)
             ... on level 2 of the Dungeon.
             The game lasted 00:32:14 (5664 turns).

Cryptzilla the Conjurer (Draconian Conjurer)        Turns: 5664, Time: 00:32:15

Health: -1/45      AC:  8    Str: 12    XL:     5   Next: 54%
Magic:  1/9        EV: 13    Int: 15    God:    Ru [......]
Gold:   226        SH:  0    Dex: 11    Spells: 3 memorised, 4 levels left

rFire  . . .     SeeInvis .     (no weapon)
rCold  . . .     Clarity  .     (armour unavailable)
rNeg   . . .     SustAt   .     (no shield)
rPois  .         Gourm    .     (helmet restricted)
rElec  .         Spirit   .     (no cloak)
rCorr  .         Warding  .     (no gloves)
rMut   .         Stasis   .     q - +2 pair of boots
MR     .....                    (no amulet)
Stlth  ++........               (no ring)
                                (no ring)

@: not resistant to hostile enchantments, unstealthy
A: unfitting armour, cold-blooded, AC +5
a: Renounce Religion


You were on level 2 of the Dungeon.
You worshipped Ru.
Ru was noncommittal.
You were not hungry.

You visited 1 branch of the dungeon, and saw 4 of its levels.

You collected 226 gold pieces.

Inventory:

Armour
 q - a +2 pair of boots (worn)
Scrolls
 g - a scroll of magic mapping
 m - a scroll of blinking
 n - a scroll of enchant armour
 p - 2 scrolls of identify
Potions
 e - a potion of cure mutation {unknown}
 i - a potion of resistance {unknown}
 j - a potion of lignification {unknown}
 l - 2 potions of agility
 o - a potion of curing {unknown}
 r - a potion of heal wounds {unknown}
 t - 3 potions of cancellation {unknown}
Books
 a - a book of Conjurations

   Spells                             Type                      Level
   a - Magic Dart                     Conjuration                  1
   b - Searing Ray                    Conjuration                  2
   c - Dazzling Spray                 Conjuration/Hexes            3
   d - Fulminant Prism                Conjuration/Hexes            4
   e - Iskenderun's Mystic Blast      Conjuration                  4
   f - Iskenderun's Battlesphere      Conjuration/Charms           5
Comestibles
 b - 4 bread rations
 f - a meat ration
 s - 6 fruits


   Skills:
 + Level 3.2 Fighting
 - Level 3.1 Dodging
 - Level 2.1 Stealth
 - Level 3.0 Spellcasting
 - Level 4.0 Conjurations
 + Level 1.5 Hexes


You had 4 spell levels left.
You knew the following spells:

 Your Spells              Type           Power        Failure   Level  Hunger
a - Magic Dart            Conj           ##..         4%          1    #......
b - Searing Ray           Conj           ##....       8%          2    ##.....
c - Dazzling Spray        Conj/Hex       ##......     21%         3    ###....


Dungeon Overview and Level Annotations

Branches:
Dungeon (4/15)
 Temple: D:4-7

Altars:
Makhleb
Ru

Annotations:
D:2 Crazy Yiuf


Innate Abilities, Weirdness & Mutations

Your plain brown scales are hard (AC +5).
Your body does not fit into most forms of armour.
You are cold-blooded and may be slowed by cold attacks.


Message History

Aim: a gnoll (severely wounded)
The magic dart hits the gnoll.
The gnoll is almost dead.
The gnoll closely misses you. Something barely misses you.
Casting: Magic Dart
Confirm with . or Enter, or press ? or * to list all spells.
Aiming: Magic Dart
Press: ? - help, Shift-Dir - straight line, f/p - gnoll
Aim: a gnoll (almost dead)
The magic dart hits the gnoll.
You kill the gnoll!
Something hits you but does no damage. x2
You start resting.
Something hits you but does no damage.
You completely miss something. You tail-slap something.
You hear some strange, mumbled words.
A puff of frost appears from out of thin air!
The puff of frost hits you!
* * * LOW HITPOINT WARNING * * *
Something hits you.
You die...

.......#.####.##.#.##############
##.....#.......#.#...............
............<#.#.#..##########...
###....#######...#..# #... #
#....# #...#..##### #... # #....#
#...#......# #... # #....#
#...#.####.# #... # #....#
#.†.#....#.# #... # ######
#.#@####.#.# #... # #.#......#.#
#... # #.#.######.# #... #
############.#.# #.# #### #
#............#.# #.# #
#.############.# #.# # #.# #.#
#.# # #.# #.# #.######### #.# #.#
#..........


There were no monsters in sight!

Vanquished Creatures
  An orc priest (D:3)
  A gnoll (D:2)
  8 adders
  An ooze (D:2)
  2 worms
  3 giant geckos
  3 orcs
  A ball python (D:2)
  4 giant cockroaches
  6 goblins (D:1)
  13 hobgoblins
  4 jackals
  2 quokkas (D:3)
  5 bats
  A giant gecko skeleton (D:4)
  4 giant newts
  9 kobolds
  14 rats
82 creatures vanquished.

Vanquished Creatures (others)
  A fungus (D:2)
1 creature vanquished.

Grand Total: 83 creatures vanquished

Notes
Turn   | Place    | Note
--------------------------------------------------------------
     0 | D:1      | Cryptzilla the Draconian Conjurer began the quest for the Orb.
     0 | D:1      | Reached XP level 1. HP: 14/14 MP: 3/3
   599 | D:1      | Reached XP level 2. HP: 22/22 MP: 3/5
   729 | D:1      | Reached skill level 1 in Fighting
   948 | D:1      | Learned a level 2 spell: Searing Ray
  1556 | D:2      | Reached XP level 3. HP: 28/28 MP: 1/6
  2310 | D:2      | Reached XP level 4. HP: 28/36 MP: 0/8
  3344 | D:2      | Noticed Crazy Yiuf
  3888 | D:3      | Learned a level 3 spell: Dazzling Spray
  4274 | D:3      | Found a faded altar to an unknown god.
  4382 | D:3      | Found a sacrificial altar of Ru.
  4400 | D:3      | Became a worshipper of Ru the Awakened
  4542 | D:3      | Found a burning altar of Makhleb.
  4564 | D:3      | Reached XP level 5. HP: 42/42 MP: 1/9
  4762 | D:4      | Learned a level 3 spell: Dazzling Spray
  4828 | D:3      | Reached skill level 1 in Hexes
  5151 | D:3      | HP: 2/45 [something/puff of frost (4)]
  5664 | D:2      | HP: 2/45 [something/puff of frost (9)]
  5664 | D:2      | Slain by an orc wizard

Vault maps used:
D:1:      dpeg_arrival_central, minmay_stone_trees_medium, st_stairs_5
D:2:      uniq_crazy_yiuf_cottage
D:3:      lightli_temple_of_fire, nicolae_ru_sacrificial_ziggurat, first_bread,
          ecumenical_altar_2
D:4:      nemelex_deck

Action                   |  1- 3 |  4- 6 || total
-------------------------+-------+-------++-------
Melee: Unarmed           |       |     1 ||     1
 Cast: Magic Dart        |   122 |   172 ||   294
       Searing Ray       |       |     3 ||     3
  Use: Scroll            |       |     9 ||     9
  Eat: Chunk             |     6 |    10 ||    16
       Pizza             |       |     1 ||     1
